 Dungeon Crawl Stone Soup version 0.18-a0-1308-g45b86c9 (webtiles) character file.

39 KarvaRausku the Ruffian (level 3, 27/28 HPs)
             Began as a Draconian Transmuter on Feb 13, 2016.
             Was a Follower of Cheibriados.
             Quit the game on level 2 of the Dungeon.
             The game lasted 00:06:42 (1625 turns).

KarvaRausku the Ruffian (Draconian Transmuter)      Turns: 1625, Time: 00:06:42

Health: 27/28      AC:  5    Str: 13 (14) XL:     3   Next: 28%
Magic:  6/6        EV: 12    Int: 15 (16) God:    Cheibriados [*.....]
Gold:   65         SH:  0    Dex: 10 (13) Spells: 3 memorised, 1 level left

rFire  . . .     SeeInvis .       - Unarmed
rCold  . . .     Gourm    .     (armour unavailable)
rNeg   . . .     Faith    .     (no shield)
rPois  +         Spirit   .     (helmet restricted)
rElec  .         Dismiss  +     (no cloak)
rCorr  .         Reflect  .     (no gloves)
SustAt .         Harm     .     (no boots)
MR     .....                    e - amulet of dismissal
Stlth  +.........               (no ring)
                                f - ring of poison resistance (curse)

@: very slow, not resistant to hostile enchantments, very unstealthy
A: unfitting armour, cold-blooded, AC +5
a: Bend Time, Renounce Religion


You were on level 2 of the Dungeon.
You worshipped Cheibriados.
Cheibriados was aware of your devotion.
You were not hungry.

You visited 1 branch of the dungeon, and saw 2 of its levels.

You collected 65 gold pieces.

Inventory:

Missiles
 a - 47 arrows
 n - 18 arrows of frost
Jewellery
 e - an amulet of dismissal (around neck)
 f - a cursed ring of poison resistance (left hand)
Scrolls
 d - a scroll of identify {unknown}
 h - a scroll of immolation {unknown}
 i - a scroll of enchant weapon {unknown}
 r - a scroll of magic mapping {unknown}
 s - a scroll of enchant armour {unknown}
 u - a scroll of remove curse {unknown}
Books
 b - a book of Changes

   Spells                             Type                      Level
   a - Beastly Appendage              Transmutation                1
   b - Sticks to Snakes               Transmutation                2
   c - Spider Form                    Transmutation/Poison         3
   d - Ice Form                       Ice/Transmutation            4
   e - Blade Hands                    Transmutation                5
Comestibles
 c - a bread ration
 g - a royal jelly
 q - 3 meat rations
 v - a beef jerky


   Skills:
 + Level 1.5 Fighting
 - Level 1.7 Dodging
 + Level 3.2 Unarmed Combat
 - Level 2.6 Spellcasting
 + Level 2.7 Transmutations


You had one spell level left.
You knew the following spells:

 Your Spells              Type           Power        Failure   Level  Hunger
a - Beastly Appendage     Trmt           ##....       10%         1    #......
b - Sticks to Snakes      Trmt           ##......     12%         2    ###....
c - Spider Form           Trmt/Pois      #.........   34%         3    ###....


Dungeon Overview and Level Annotations

Branches:
Dungeon (2/15)

Altars:
Cheibriados
The Shining One


Innate Abilities, Weirdness & Mutations

Your plain brown scales are hard (AC +5).
Your body does not fit into most forms of armour.
You are cold-blooded and may be slowed by cold attacks.


Message History

No target in view!
No target in view!
Your transformation is almost over.
You feel a little less agile now.
Your talons disappear.
You see here a short sword.
All of the chunks of flesh in your inventory have rotted away.
A bat comes into view.
The bat moves out of view.
The bat barely misses you. x2
Found a scroll labeled MITA VONAMM.
Put on which piece of jewellery? (? for menu, Esc to quit)
Okay, then.
A bat is nearby!
You barely miss the bat. The bat misses you.
You miss the bat. The bat misses you. The bat closely misses you.
The bat hits you. The bat closely misses you.
Quiver which item? (- for none, * to show all) (? for menu, Esc to quit)
Okay, then.
Are you sure you want to abandon this character and quit the game? (Confirm with "yes".)

#...# .# .. #...# .##.
#...# .#. #...# ?.
###...####### .#
....<.......###.##
...............#.#
............###.######
##....#.######..@.b..#
........# #..####.#
...8....# #..#
..8.8...# #.##
.8._.8..#### #.
..8.8......# #.
...8...###.# #.
....)..###.#
........##.#


You could see a bat.

Vanquished Creatures
  An ooze (D:1)
  3 giant cockroaches
  5 goblins
  5 hobgoblins (D:1)
  3 jackals (D:1)
  4 bats
  2 giant newts (D:1)
  5 kobolds (D:1)
  4 rats
32 creatures vanquished.

Notes
Turn   | Place    | Note
--------------------------------------------------------------
     0 | D:1      | KarvaRausku the Draconian Transmuter began the quest for the Orb.
     0 | D:1      | Reached XP level 1. HP: 16/16 MP: 3/3
   539 | D:1      | Reached XP level 2. HP: 23/23 MP: 3/5
  1021 | D:1      | Learned a level 2 spell: Sticks to Snakes
  1041 | D:1      | Reached XP level 3. HP: 24/28 MP: 4/6
  1115 | D:1      | Learned a level 3 spell: Spider Form
  1403 | D:2      | Found a glowing golden altar of the Shining One.
  1425 | D:2      | Found a faded altar to an unknown god.
  1446 | D:2      | Became a worshipper of Cheibriados the Contemplative
  1446 | D:2      | Reached * piety under Cheibriados
  1625 | D:2      | Quit the game

Vault maps used:
D:1:      dpeg_arrival_morbid_curiosity, hangedman_feature_mirror
D:2:      old_standard_altar, ecumenical_altar_2, first_bread,
          minmay_misc_feat_diagonals

Action                   || total
-------------------------++-------
Melee: Unarmed           ||   104
 Cast: Beastly Appendage ||    18
       Sticks to Snakes  ||     1
  Use: Potion            ||     6
 Stab: Sleeping          ||     1
  Eat: Chunk             ||     2
